 Dungeon Crawl Stone Soup version 0.17.0-28-g6e173f8 (webtiles) character file.

35 lucasterio the Magician (level 3, 0/21 HPs)
             Began as an Octopode Wizard on Dec 3, 2015.
             Slain by an adder (3 damage)
             ... on level 2 of the Dungeon.
             The game lasted 00:03:50 (971 turns).

lucasterio the Magician (Octopode Wizard)            Turns: 971, Time: 00:03:50

Health: 0/21       AC:  1    Str:  6    XL:     3   Next: 33%
Magic:  4/8        EV: 12    Int: 21    God:
Gold:   56         SH:  0    Dex: 10    Spells: 1 memorised, 8 levels left

rFire  . . .     SeeInvis .     d - +2 dagger (speed)
rCold  . . .     Clarity  .     (no shield)
rNeg   . . .     SustAt   .     a - +0 hat
rPois  .         Gourm    .     (no amulet)
rElec  .         Spirit   .     (no ring)
rCorr  .         Warding  .     (no ring)
rMut   .         Stasis   .     (no ring)
MR     .....                    (no ring)
Stlth  +++.......               (no ring)
                                (no ring)
                                (no ring)
                                (no ring)

@: lethally poisoned (0 -> -5), not resistant to hostile enchantments, fairly
stealthy
A: almost no armour, amphibious, 8 rings, constrict 8, camouflage 1, gelatinous
body 1
a: no special abilities


You were on level 2 of the Dungeon.
You were not hungry.

You visited 1 branch of the dungeon, and saw 2 of its levels.

You collected 56 gold pieces.

Inventory:

Hand Weapons
 d - a +2 dagger of speed (weapon)
Armour
 a - a +0 hat (worn)
Scrolls
 f - a scroll of noise {unknown}
 i - 3 scrolls of identify {unknown}
 j - a scroll of remove curse {unknown}
 l - a scroll of fear {unknown}
 n - a scroll of blinking {unknown}
Potions
 e - a potion of degeneration {unknown}
 h - 3 potions of curing {unknown}
 m - a potion of heal wounds {unknown}
Books
 b - a book of Minor Magic

   Spells                             Type                      Level
   a - Magic Dart                     Conjuration                  1
   b - Blink                          Translocation                2
   c - Call Imp                       Summoning                    2
   d - Repel Missiles                 Charms/Air                   2
   e - Slow                           Hexes                        2
   f - Conjure Flame                  Conjuration/Fire             3
   g - Mephitic Cloud                 Conjuration/Poison/Air       3
Comestibles
 c - 2 bread rations
 g - a slice of pizza
 k - a meat ration
 o - 10 chunks of flesh


   Skills:
 - Level 2.0 Dodging
 - Level 2.6 Stealth
 + Level 3.5 Spellcasting
 * Level 2.3 Conjurations
   Level 1.0 Summonings
   Level 1.0 Translocations


You had 8 spell levels left.
You knew the following spells:

 Your Spells              Type           Power        Failure   Level  Hunger
a - Magic Dart            Conj           ##..         6%          1    None


Dungeon Overview and Level Annotations

Branches:
Dungeon (2/15)

Altars:


Innate Abilities, Weirdness & Mutations

You cannot wear most types of armour.
You are amphibious.
You can wear up to eight rings at the same time.
You can use your tentacles to constrict eight enemies at once.
Your skin changes colour to match your surroundings (Stealth).
Your rubbery body absorbs attacks (AC +1).


Message History

Aim: an adder (moderately wounded)
The magic dart hits the adder.
The adder is heavily wounded.
You feel sick. The adder bites you.
Found 17 stones.
The adder bites you.
* * * LOW HITPOINT WARNING * * *
You are lethally poisoned!
The adder poisons you!
* * * LOW HITPOINT WARNING * * *
You feel sick.
Casting: Magic Dart
Confirm with . or Enter, or press ? or * to list all spells.
Aiming: Magic Dart
Press: ? - help, Shift-Dir - straight line, f/p - adder
Aim: an adder (heavily wounded)
The magic dart hits the adder.
The adder is heavily wounded.
The adder closely misses you. The adder bites you.
You die...

##...##
##'########
#.........## #
#..#........
#.###..#...##.##
..........##
(.##..K..####.#
##SS.......#
##@######## #.#
#.# #.# #.# #.#
#.# #.# #.#


You could see 2 adders and a kobold.

Vanquished Creatures
  An adder (D:2)
  A giant gecko (D:1)
  2 giant cockroaches (D:1)
  6 goblins
  3 hobgoblins
  A kobold (D:2)
  A quokka (D:2)
  5 bats
  2 rats
22 creatures vanquished.

Vanquished Creatures (others)
  5 toadstools (D:1)
5 creatures vanquished.

Grand Total: 27 creatures vanquished

Notes
Turn   | Place    | Note
--------------------------------------------------------------
     0 | D:1      | lucasterio the Octopode Wizard began the quest for the Orb.
     0 | D:1      | Reached XP level 1. HP: 11/11 MP: 4/4
   161 | D:1      | Reached XP level 2. HP: 17/17 MP: 6/6
   734 | D:2      | Reached XP level 3. HP: 18/21 MP: 8/8
   971 | D:2      | Slain by an adder

Action                   || total
-------------------------++-------
Melee: Dagger            ||    62
 Cast: Magic Dart        ||     9
 Stab: Sleeping          ||     6
